Map: [ESL] Cosmic Sapphire

Players

Creator

  • Race: Protoss Protoss
  • Spawn Location: 5:00

Neeb - Winner!

  • Race: Protoss Protoss
  • Spawn Location: 11:00

Event: DreamHack SC2 Masters 2022 Valencia

VOD

Have the link to the VOD?

Description

Time

  • Played on: July 3, 2022, 6:26 a.m.
  • Length: 19:03

All games in this series

Show
View Real Time Build Order
Export as new Build Order

Creator Protoss 

Build Orders: Blink Stalkers 

Get SALT Encoding   

  12  0:00  Probe  
  13  0:12  Probe  
  14  0:16  Pylon  
  14  0:24  Probe (Chrono Boost)  
  15  0:36  Probe (Chrono Boost)  
  15  0:38  Gateway  
  16  0:44  Probe (Chrono Boost)  
  16  0:48  Assimilator  
  17  0:51  Probe  
  18  1:03  Probe (Chrono Boost)  
  19  1:06  Assimilator  
  19  1:14  Probe (Chrono Boost), Gateway  
  20  1:19  Probe (Chrono Boost)  
  21  1:26  Cybernetics Core  
  21  1:29  Probe  
  22  1:34  Pylon  
  22  1:41  Probe  
  23  1:53  Probe  
  24  2:02  Stalker x2  
  24  2:03  Warp Gate  
  28  2:11  Pylon  
  28  2:25  Shield Battery  
  28  2:33  Sentry x2  
  32  2:43  Nexus  
  32  2:47  Shield Battery  
  32  2:51  Probe  
  33  3:05  Twilight Council  
  32  3:06  Probe  
  33  3:14  Stalker  
  33  3:18  Probe  
  36  3:25  Pylon  
  36  3:30  Probe (Chrono Boost)  
  37  3:36  Blink (Chrono Boost)  
  38  3:41  Probe (Chrono Boost)  
  38  3:46  Probe (Chrono Boost)  
  39  3:54  Sentry  
  41  3:56  Probe  
  41  3:59  Probe  
  41  4:00  Stalker  
  45  4:08  Probe  
  46  4:11  Probe  
  47  4:17  Stalker  
  47  4:21  Probe  
  50  4:24  Stalker  
  50  4:25  Probe  
  50  4:29  Pylon  
  53  4:33  Probe  
  53  4:34  Shield Battery  
  53  4:42  Probe (Chrono Boost)  
  52  4:48  Probe (Chrono Boost)  
  52  4:52  Stalker x2  
  54  4:54  Probe (Chrono Boost)  
  56  5:00  Probe x2 (Chrono Boost)  
  57  5:08  Probe  
  57  5:09  Probe  
  57  5:12  Shield Battery  
  59  5:15  Stalker, Pylon  
  59  5:16  Stalker  
  63  5:21  Probe  
  63  5:23  Phoenix  
  63  5:24  Probe  
  65  5:30  Nexus  
  65  5:33  Probe  
  66  5:36  Probe  
  67  5:45  Probe  
  67  5:46  Robotics Facility  
  67  5:47  Stalker x2  
  72  5:52  Probe  
  72  5:54  Assimilator  
  73  5:57  Probe  
  74  6:04  Probe  
  74  6:05  Shield Battery  
  74  6:09  Gateway  
  74  6:10  Probe, Gateway  
  76  6:13  Charge  
  76  6:18  Probe  
  76  6:24  Zealot  
  76  6:28  Stalker  
  78  6:35  Pylon  
  78  6:37  Pylon  
  78  6:42  Observer (Chrono Boost), Probe (Chrono Boost)  
  78  6:43  Probe x2 (Chrono Boost)  
  82  6:47  Stalker  
  82  6:53  Probe x2 (Chrono Boost)  
  87  6:54  Probe (Chrono Boost)  
  87  6:55  Observer (Chrono Boost)  
  87  6:56  Stalker  
  87  6:58  Probe x2 (Chrono Boost)  
  87  7:00  Probe (Chrono Boost)  
  92  7:07  Forge  
  91  7:08  Probe x2  
  92  7:16  Stalker  
  92  7:17  Probe  
  92  7:20  Probe x2  
  97  7:23  Immortal  
  97  7:26  Pylon  
  97  7:29  Probe (Chrono Boost)  
  102  7:31  Pylon  
  102  7:32  Stalker  
  102  7:34  Protoss Ground Weapons Level 1 (Chrono Boost), Pylon  
  102  7:35  Pylon  
  106  7:37  Probe x2 (Chrono Boost)  
  106  7:41  Probe (Chrono Boost)  
  107  7:47  Probe (Chrono Boost)  
  107  7:51  Stalker x2  
  106  7:59  Phoenix  
  106  8:01  Stalker x2  
  106  8:04  Gateway  
  110  8:06  Gateway  
  110  8:07  Gateway  
  110  8:09  Gateway  
  110  8:12  Immortal (Chrono Boost)  
  112  8:22  Nexus  
  112  8:23  Pylon  
  112  8:32  Stalker x2  
  112  8:34  Zealot x2  
  118  8:35  Probe x3  
  118  8:39  Dark Shrine  
  118  8:41  Assimilator  
  123  8:47  Assimilator  
  123  8:50  Warp Prism  
  123  8:52  Pylon  
  123  8:53  Probe x3  
  128  8:56  Stalker  
  128  9:00  Photon Cannon  
  130  9:07  Zealot x3  
  136  9:12  Zealot x2  
  136  9:13  Zealot  
  142  9:18  Zealot  
  142  9:19  Phoenix x2  
  142  9:21  Photon Cannon, Probe  
  142  9:22  Probe  
  146  9:26  Stalker, Protoss Ground Weapons Level 2 (Chrono Boost)  
  148  9:38  Robotics Bay  
  148  9:40  Probe x4  
  152  9:49  Assimilator  
  152  9:51  Robotics Facility, Assimilator  
  152  9:52  Dark Templar  
  154  9:55  Shadow Stride, Assimilator  
  154  9:58  Observer, Pylon  
  155  10:04  Probe x4  
  157  10:16  Dark Templar x2  
  157  10:20  Probe  
  157  10:21  Probe x3  
  165  10:23  Disruptor (Chrono Boost), Pylon  
  165  10:24  Shield Battery  
  168  10:35  Shield Battery  
  168  10:37  Zealot x6  
  168  10:42  Disruptor  
  172  10:48  Disruptor, Zealot x2  
  158  11:05  Shield Battery  
  158  11:06  Gravitic Boosters  
  158  11:13  Stalker x5, Pylon  
  158  11:18  Observer  
  168  11:19  Nexus  
  168  11:24  Disruptor (Chrono Boost)  
  168  11:28  Shield Battery  
  168  11:31  Photon Cannon  
  168  11:32  Shield Battery  
  171  11:33  Dark Templar x3  
  171  11:34  Photon Cannon  
  171  11:35  Pylon  
  171  11:37  Observer (Chrono Boost)  
  174  11:40  Dark Templar x2  
  174  11:44  Zealot x3  
  182  11:49  Pylon  
  182  11:54  Pylon  
  182  12:00  Disruptor x2  
  186  12:11  Stalker x5  
  196  12:22  Zealot x2  
  178  12:32  Zealot  
  178  12:35  Disruptor  
  178  12:36  Stalker x3, Disruptor  
  180  12:37  Observer  
  168  12:50  Stalker x3  
  168  12:51  Stalker  
  162  12:56  Archon  
  158  13:08  Stalker  
  158  13:09  Stalker x2  
  158  13:11  Observer  
  158  13:12  Observer, Immortal  
  169  13:14  Stalker  
  169  13:15  Stalker x2  
  169  13:18  Observer  
  153  13:30  Stalker x2  
  139  13:37  Archon  
  99  13:51  Zealot x6  
  99  13:55  Probe (Chrono Boost)  
  113  13:56  Disruptor x2 (Chrono Boost)  
  113  13:57  Protoss Ground Weapons Level 3 (Chrono Boost)  
  113  14:00  Probe x3 (Chrono Boost)  
  119  14:05  Probe (Chrono Boost)  
  119  14:08  Probe x3 (Chrono Boost)  
  123  14:22  Disruptor (Chrono Boost), Dark Templar x4  
  131  14:24  Disruptor (Chrono Boost)  
  131  14:28  Probe  
  131  14:30  Probe  
  139  14:45  Disruptor (Chrono Boost)  
  139  14:46  Nexus  
  139  14:48  Pylon  
  139  14:50  Disruptor (Chrono Boost)  
  139  14:51  Stalker  
  147  14:57  Stalker x2  
  151  15:00  Assimilator  
  151  15:01  Assimilator  
  151  15:06  Stalker x2  
  155  15:17  Stalker x2  
  159  15:26  Stalker x4  
  166  15:35  Probe x4  
  170  15:41  Dark Templar  
  172  15:48  Photon Cannon  
  172  15:49  Disruptor (Chrono Boost), Photon Cannon  
  172  15:50  Disruptor (Chrono Boost), Shield Battery  
  177  16:06  Dark Templar x2  
  181  16:18  Warp Prism, Assimilator  
  181  16:19  Observer  
  181  16:22  Assimilator  
  176  16:28  Zealot  
  176  16:29  Zealot x5  
  178  16:39  Disruptor (Chrono Boost)  
  175  16:41  Zealot x2  
  165  16:54  Zealot  
  148  16:55  Stalker x3, Disruptor (Chrono Boost)  
  157  17:12  Dark Templar  
  157  17:13  Dark Templar x3  
  163  17:21  Dark Templar  
  163  17:22  Archon, Dark Templar  
  117  17:34  Stalker x2  
  103  17:49  Zealot x4  
  95  17:51  Disruptor (Chrono Boost)  
  95  17:58  Stalker x4, Disruptor (Chrono Boost)  
  94  18:12  Stalker x4  
  102  18:17  Probe x3  
  100  18:33  Zealot x4  
  89  18:36  Dark Templar x2  
Show
View Real Time Build Order
Export as new Build Order

Neeb Protoss - Winner!

Build Orders: Oracle Opening 

Get SALT Encoding   

  12  0:00  Probe  
  13  0:12  Probe  
  14  0:17  Pylon  
  14  0:24  Probe (Chrono Boost)  
  15  0:36  Probe (Chrono Boost)  
  15  0:37  Gateway  
  16  0:45  Probe (Chrono Boost)  
  16  0:46  Assimilator  
  17  0:51  Probe  
  17  0:54  Assimilator  
  18  1:03  Probe (Chrono Boost)  
  19  1:06  Gateway  
  19  1:12  Probe (Chrono Boost)  
  19  1:17  Probe (Chrono Boost)  
  20  1:23  Cybernetics Core  
  21  1:29  Probe  
  22  1:36  Pylon  
  22  1:42  Probe  
  23  1:54  Probe  
  23  1:59  Stalker  
  23  2:01  Stalker, Warp Gate (Chrono Boost)  
  28  2:15  Pylon  
  28  2:22  Stargate  
  28  2:35  Probe  
  28  2:51  Nexus  
  29  3:02  Probe  
  29  3:03  Oracle (Chrono Boost)  
  29  3:10  Stalker  
  34  3:16  Probe  
  35  3:20  Pylon  
  35  3:33  Oracle  
  38  3:36  Shield Battery  
  38  3:39  Probe  
  39  3:51  Probe  
  40  3:57  Adept x2  
  40  4:02  Twilight Council  
  44  4:04  Probe (Chrono Boost)  
  44  4:06  Probe (Chrono Boost)  
  46  4:16  Probe (Chrono Boost)  
  48  4:19  Probe (Chrono Boost)  
  48  4:21  Probe (Chrono Boost)  
  49  4:27  Probe (Chrono Boost)  
  49  4:30  Stalker  
  53  4:33  Pylon  
  53  4:36  Probe (Chrono Boost)  
  53  4:37  Probe (Chrono Boost)  
  54  4:43  Probe, Blink (Chrono Boost)  
  51  4:49  Probe  
  51  4:51  Gateway  
  52  4:53  Gateway  
  52  4:55  Probe  
  53  5:03  Stalker x2  
  53  5:06  Probe  
  58  5:10  Probe, Assimilator  
  59  5:18  Probe  
  59  5:21  Dark Shrine  
  60  5:22  Probe  
  60  5:24  Pylon  
  60  5:27  Stalker  
  63  5:30  Probe  
  63  5:31  Stalker  
  66  5:36  Pylon  
  66  5:38  Probe  
  67  5:49  Stalker x2  
  70  5:58  Nexus  
  70  6:03  Pylon  
  70  6:06  Stalker  
  70  6:10  Stalker  
  74  6:13  Probe x2  
  76  6:27  Probe  
  76  6:29  Probe  
  78  6:33  Dark Templar x2  
  78  6:37  Forge  
  78  6:39  Probe  
  83  6:41  Probe  
  83  6:43  Stalker x2  
  88  6:51  Probe  
  88  6:52  Gateway  
  88  6:53  Probe  
  88  6:54  Gateway  
  90  7:03  Probe  
  90  7:05  Probe  
  92  7:14  Probe  
  89  7:15  Probe  
  89  7:16  Protoss Ground Weapons Level 1 (Chrono Boost)  
  89  7:17  Stalker x4, Probe  
  99  7:25  Assimilator  
  99  7:26  Probe  
  99  7:28  Probe, Assimilator  
  99  7:29  Assimilator  
  101  7:32  Probe (Chrono Boost)  
  101  7:36  Pylon  
  102  7:39  Probe (Chrono Boost), Robotics Facility  
  102  7:40  Probe (Chrono Boost)  
  102  7:44  Probe (Chrono Boost)  
  105  7:50  Probe (Chrono Boost)  
  107  7:51  Probe (Chrono Boost)  
  107  7:52  Probe (Chrono Boost)  
  107  7:55  Probe (Chrono Boost)  
  109  8:00  Probe  
  109  8:04  Pylon  
  109  8:05  Stalker x3  
  116  8:06  Pylon  
  116  8:12  Probe  
  117  8:13  Pylon x2  
  117  8:22  Nexus, Probe  
  118  8:29  Stalker x5  
  118  8:33  Robotics Bay  
  128  8:35  Observer  
  129  8:44  Robotics Facility, Shield Battery x2  
  129  8:47  Shield Battery  
  129  8:50  Pylon  
  129  8:52  Probe x3  
  132  9:04  Probe  
  132  9:06  Pylon  
  133  9:11  Stalker x6  
  133  9:15  Observer (Chrono Boost)  
  147  9:17  Probe x3  
  147  9:21  Photon Cannon, Protoss Ground Weapons Level 2 (Chrono Boost)  
  149  9:28  Disruptor (Chrono Boost)  
  149  9:32  Disruptor (Chrono Boost)  
  149  9:35  Photon Cannon  
  149  9:37  Probe x2  
  158  9:38  Probe  
  158  9:46  Shadow Stride (Chrono Boost)  
  158  9:49  Assimilator  
  158  9:50  Assimilator  
  158  9:56  Disruptor  
  161  10:01  Disruptor  
  161  10:02  Stalker x4  
  172  10:13  Dark Templar  
  172  10:16  Dark Templar  
  172  10:21  Gateway  
  174  10:22  Gateway  
  174  10:23  Pylon, Gateway  
  174  10:25  Pylon  
  174  10:27  Gateway  
  174  10:42  Disruptor (Chrono Boost)  
  169  10:47  Stalker x5  
  176  10:55  Probe  
  170  11:04  Stalker  
  161  11:05  Disruptor (Chrono Boost)  
  164  11:12  Nexus  
  164  11:13  Pylon  
  164  11:14  Disruptor (Chrono Boost), Pylon  
  164  11:17  Stalker x6, Pylon  
  179  11:26  Photon Cannon  
  179  11:34  Disruptor, Pylon  
  179  11:36  Unknown  
  182  11:43  Stalker x8  
  197  11:50  Disruptor  
  196  12:01  Stalker x2  
  200  12:11  Photon Cannon  
  197  12:16  Photon Cannon  
  197  12:17  Disruptor  
  196  12:25  Disruptor (Chrono Boost)  
  194  12:33  Stalker x10  
  134  12:53  Disruptor (Chrono Boost)  
  134  12:57  Stalker x2  
  134  12:58  Stalker x6  
  149  13:01  Disruptor (Chrono Boost)  
  151  13:12  Stalker x2  
  153  13:18  Disruptor (Chrono Boost)  
  147  13:25  Dark Templar x5  
  147  13:26  Zealot x2  
  148  13:30  Zealot  
  135  13:36  Disruptor (Chrono Boost)  
  111  13:49  Stalker x4  
  111  13:52  Stalker  
  119  13:58  Stalker x5  
  129  14:06  Nexus  
  129  14:08  Disruptor (Chrono Boost)  
  129  14:09  Pylon  
  132  14:10  Unknown  
  132  14:15  Disruptor (Chrono Boost)  
  133  14:21  Stalker x3  
  139  14:26  Stalker x4  
  147  14:31  Shield Battery  
  147  14:33  Observer (Chrono Boost)  
  149  14:41  Stalker x3  
  149  14:42  Observer (Chrono Boost)  
  155  14:50  Stalker x3  
  161  14:58  Observer  
  162  15:01  Photon Cannon  
  162  15:04  Stalker x3  
  168  15:12  Disruptor  
  168  15:19  Disruptor  
  167  15:32  Stalker x6  
  178  16:06  Stalker x4  
  178  16:07  Stalker x3  
  188  16:26  Nexus  
  188  16:27  Pylon  
  188  16:28  Stalker x3  
  181  16:42  Disruptor  
  181  16:44  Disruptor  
  171  16:55  Stalker x5  
  171  16:56  Stalker x4  
  189  17:11  Probe x2  
  189  17:12  Probe x2  
  189  17:14  Photon Cannon  
  193  17:16  Photon Cannon  
  193  17:21  Disruptor  
  155  17:34  Stalker x9  
  164  17:42  Disruptor  
  151  17:59  Stalker x6  
  151  18:05  Oracle  
  164  18:14  Probe x3  
  164  18:15  Probe x2  
  163  18:36  Observer  
  163  18:38  Assimilator  
  165  18:41  Assimilator  
  158  18:51  Stalker x10  

Tags
 
Add a new tag
Caveats
  • Supply blocks, unpowered buildings, or Contaminate may cause inaccurate times.
  • Supply counts are checked every 10 seconds.